 Dungeon Crawl Stone Soup version 0.20.0-15-g7f486f2 (webtiles) character file.

165 Ferkelamun the Cudgeler (level 5, -6/50 HPs)
             Began as a Troll Fighter on June 13, 2017.
             Was an Initiate of Makhleb.
             Mangled by a gnoll
             ... wielding a +0 spear
              (7 damage)
             ... on level 3 of the Dungeon.
             The game lasted 00:06:14 (2370 turns).

Ferkelamun the Cudgeler (Troll Fighter)             Turns: 2370, Time: 00:06:15

Health: -6/50      AC:  5    Str: 24    XL:     5   Next: 22%
Magic:  4/4        EV:  8    Int:  4    God:    Makhleb [......]
Gold:   152        SH:  8    Dex: 10    Spells: 4/4 levels left

rFire    + . .     SeeInvis .   a - +0 flail
rCold    + . .     Gourm    +   c - +0 shield
rNeg     . . .     Faith    .   b - +0 robe
rPois    .         Spirit   .   (helmet restricted)
rElec    .         Reflect  .   (no cloak)
rCorr    .         Harm     .   (gloves unavailable)
MR       .....                  (boots unavailable)
Stlth    +.........             (no amulet)
Regen    0.6/turn               i - ring of protection from cold
MPRegen  0.1/turn               n - ring of protection from fire

@: no status effects
A: unfitting armour, claws 3, fast metabolism 3, gourmand, regeneration 1,
shaggy fur 1, tough skin 2
a: Renounce Religion


You were on level 3 of the Dungeon.
You worshipped Makhleb.
Makhleb was noncommittal.
You were completely stuffed.

You visited 1 branch of the dungeon, and saw 4 of its levels.

You collected 152 gold pieces.

Inventory:

Hand Weapons
 a - a +0 flail (weapon)
Missiles
 g - 8 javelins (quivered)
 v - 4 steel tomahawks
 w - 3 tomahawks
Armour
 b - a +0 robe (worn)
 c - a +0 shield (worn)
Jewellery
 h - an uncursed ring of magical power
 i - a ring of protection from cold (left claw)
 n - a ring of protection from fire (right claw)
Wands
 y - a wand of random effects (12/48)
Scrolls
 e - 2 scrolls of amnesia {unknown}
 j - 2 scrolls of recharging {unknown}
 l - 2 scrolls of blinking {unknown}
 m - a scroll of fear {unknown}
 o - 3 scrolls of teleportation {unknown}
 p - 3 scrolls of magic mapping {unknown}
 s - 3 scrolls of remove curse {unknown}
 t - 5 scrolls of identify {unknown}
 u - a scroll of noise {unknown}
Potions
 d - a potion of might
 k - a potion of lignification {unknown}
 q - a potion of magic {unknown}
 z - a potion of invisibility {unknown}
Comestibles
 f - 4 bread rations
 r - 4 royal jellies


   Skills:
 - Level 2.4 Fighting
 * Level 5.0 Maces & Flails
 - Level 2.4 Dodging
 - Level 2.4 Shields


You had 4 spell levels left.
You didn't know any spells.

Dungeon Overview and Level Annotations

Branches:
Dungeon (4/15)
 Temple: D:4-7

Altars:
Gozag
Makhleb
Nemelex Xobeh

Annotations:
D:2 1 runed door
D:3 Paps's ghost, amateur DsBe; Sigmund


Innate Abilities, Weirdness & Mutations

You are too large for most types of armour.
You have claws for hands.
Your metabolism is lightning-fast.
You like to eat raw meat.
Your natural rate of healing is unusually fast.
You are covered in fur. (AC +1)
You have very tough skin. (AC +2)


Message History

You hit the gnoll.
The gnoll is moderately wounded.
The gnoll barely misses you. The gnoll closely misses you.
You block the gnoll's attack. The gnoll closely misses you.
Your shield prevents you from hitting the gnoll.
The gnoll is moderately wounded.
The gnoll hits you. The gnoll hits you! You block the gnoll's attack.
The gnoll hits you.
You hit the gnoll but do no damage.
The gnoll is moderately wounded.
The gnoll hits you!
* * * LOW HITPOINT WARNING * * *
The gnoll hits you from afar with a spear.
* * * LOW HITPOINT WARNING * * *
You block the gnoll's attack. The gnoll hits you.
* * * LOW HITPOINT WARNING * * *
You hit the gnoll.
The gnoll is severely wounded.
The gnoll hits you from afar with a spear!
You die...

(.........##........# #......(.
#.###.#.......###.#[#####........
#.# #.#.......##..........(....##
#.# #.........##..#.#####.......#
#.#####.......##..#.# ####...##
#........._...##..#.# ##.##
#########.##.......<# #.#
#.###.##g#.## #.# #####.###.##@#.#
##'## #.......#.##g#.#### ##...##
#.###.#.#...gW....# ##.....# #
##.###.#.#.###...#.# ##.......
####...##.#.#.........###........
'.......................'รท.......
####....###.#.##......###..(.....
# ##.#.###.#.##.##.#.# ##.......
#.......#.##.####.# ##.....#


You could see Paps's ghost and 3 gnolls.

Vanquished Creatures
  Jessica (D:3)
  Ijyb (D:3)
  4 adders
  2 worms
  4 dart slugs
  A leopard gecko (D:1)
  2 orcs (D:3)
  3 giant cockroaches
  7 goblins
  9 hobgoblins
  6 kobolds
  A quokka (D:3)
  8 bats
  3 frilled lizards
  15 rats
67 creatures vanquished.

Notes
Turn   | Place    | Note
-------+----------+-------------------------------------------
     0 | D:1      | Ferkelamun the Troll Fighter began the quest for the Orb.
     0 | D:1      | Reached XP level 1. HP: 22/22 MP: 0/0
    91 | D:1      | Reached skill level 2 in Maces & Flails
   183 | D:1      | Reached XP level 2. HP: 28/29 MP: 1/1
   341 | D:1      | Reached skill level 3 in Maces & Flails
   493 | D:1      | Reached XP level 3. HP: 36/36 MP: 2/2
   938 | D:2      | Found a runed door.
  1094 | D:2      | Found an opulent altar of Gozag.
  1156 | D:2      | Reached XP level 4. HP: 38/44 MP: 3/3
  1159 | D:2      | Reached skill level 4 in Maces & Flails
  1542 | D:3      | Found a sparkling altar of Nemelex Xobeh.
  1636 | D:3      | Noticed Ijyb
  1640 | D:3      | Killed Ijyb
  1841 | D:3      | Noticed Jessica
  1879 | D:3      | Killed Jessica
  1879 | D:3      | Reached XP level 5. HP: 42/50 MP: 4/4
  1955 | D:3      | Reached skill level 5 in Maces & Flails
  2095 | D:3      | Found a burning altar of Makhleb.
  2127 | D:3      | Noticed Paps's ghost (amateur DsBe)
  2261 | D:3      | Became a worshipper of Makhleb the Destroyer
  2287 | D:4      | Noticed Sigmund
  2369 | D:3      | HP: 1/50 [gnoll (2)]
  2370 | D:3      | Mangled by a gnoll

Skill      XL: |  1  2  3  4  5 |
---------------+----------------+-----
Maces & Flails | 2 3 4 5 |  5.0
Fighting       | |  2.4
Dodging        | |  2.4
Shields        | |  2.4

Action                   |  1- 3 |  4- 6 || total
-------------------------+-------+-------++-------
Melee: Flail             |   168 |    87 ||   255
 Stab: Sleeping          |     1 |       ||     1
  Eat: Chunk             |    13 |    15 ||    28
Armor: Robe              |    58 |    31 ||    89
Dodge: Dodged            |    65 |    32 ||    97
Block: Shield            |    81 |    57 ||   138
